 Dungeon Crawl Stone Soup version 0.32-a0-422-g28b100f618 (webtiles) character file.

Game seed: 205291155595483754

322 Xavori the Trooper (level 6, -1/47 HPs)
             Began as a Djinni Chaos Knight on Feb 21, 2024.
             Was a Plaything of Xom.
             Killed by divine providence
             ... invoked by an orc priest
              (17 damage)
             ... on level 5 of the Dungeon.
             The game lasted 00:02:17 (7203 turns).

Xavori the Trooper (Djinni Chaos Knight)            Turns: 7203, Time: 00:02:18

Health: -1/47      AC: 11    Str: 11    XL:     6   Next: 76%
Gold:   93         EV: 12    Int: 14    God:    Xom [......] SH:  0 Dex: 14

rFire   + + +        a - +0 falchion (chaos)
rCold   x . .        (no shield)
rNeg    . . .        b - +2 leather armour
rPois   ∞            l - +2 helmet
rElec   .            (no cloak)
rCorr   .            (no gloves)
SInv    .            (boots unavailable)
Will    .....        (no amulet)
Stlth   +            (no ring)
HPRegen 0.27/turn    (no ring)
MPRegen 0.00/turn

%: infuse magic (-2 HP)
@: flying
A: sickness immunity, fire resistance 3, cold vulnerability 1, float, innate
caster, HP casting, extra vitality 1, iridescent scales 1, shaggy fur 1, noise
suppression
a: Renounce Religion


You were on level 5 of the Dungeon.
You worshipped Xom.
You were a very special plaything of Xom.
You visited 1 branch of the dungeon, and saw 4 of its levels.

You collected 93 gold pieces.

Inventory:

Hand Weapons
 a - a +0 falchion of chaos (weapon)
Armour
 b - a +2 leather armour (worn)
 l - a +2 helmet (worn)
Wands
 k - a wand of flame (3)
Scrolls
 c - a scroll of butterflies
 e - a scroll of noise {unknown}
 h - a scroll of identify {unknown}
 m - a scroll of teleportation {unknown}
Potions
 d - a potion of curing {unknown}
 f - 2 potions of lignification {unknown}
 g - a potion of mutation {unknown}
 i - 2 potions of brilliance {unknown}
 j - a potion of heal wounds {unknown}


   Skills:
 + Level 3.9 Fighting
 + Level 3.5 Long Blades
 + Level 2.5 Armour
 + Level 3.4 Dodging
 * Level 2.6 Spellcasting
 * Level 2.6 Conjurations
 * Level 2.6 Hexes
   Level 0.0 Charms
 * Level 2.6 Summonings
 * Level 2.6 Necromancy
 * Level 2.6 Translocations
   Level 0.0 Transmutations
 * Level 2.6 Fire Magic
 * Level 2.6 Ice Magic
 * Level 2.6 Air Magic
 * Level 2.6 Earth Magic
 * Level 2.6 Alchemy


You knew the following spells:

 Your Spells              Type           Power      Damage    Failure   Level
a - Shock                 Conj/Air       36%        1d5       10%         1
b - Searing Ray           Conj           18%        2d5       16%         2
Your spell library was empty.

Dungeon Overview and Level Annotations

Branches:
Dungeon (3/15)

Altars:
Xom

Shops:
D:1 [


Innate Abilities, Weirdness & Mutations

You are immune to sickness and miasma.
You are immune to poison.
Your flesh is almost immune to the effects of heat. (rF+++)
You are vulnerable to cold. (rC-)
You float through the air rather than walking.
You learn spells naturally, not from books.
Your magical power is your life essence.
You have superior vitality. (+4 MHP)
You are partially covered in iridescent scales. (AC +2)
You are covered in fur. (AC +1)
You passively dampen the noise of your surroundings.


Message History

Pain shoots through your body!
The orc priest hits you but does no damage.
The orc priest closely misses you.
The orc priest attacks as it pursues you!
The orc priest completely misses you.
The orc priest attacks as it pursues you!
The orc priest hits you but does no damage.
The orc priest miscasts a cantrip.
The orc priest begins to cast a cantrip, but forgets the words!
The orc priest attacks as it pursues you!
The orc priest hits you but does no damage.
You slash the orc priest! You burn the orc priest.
You kill the orc priest!
You closely miss the orc priest. Xom smiles on you.
The orc wizard's +0 dagger dances into the air!
You are now a very special plaything of Xom.
The orc priest barely misses you.
The orc priest calls down the wrath of Beogh upon you.
Pain shoots through your body!
Your +0 dagger closely misses the gnoll.
You hit the orc priest.
The orc priest is lightly wounded.
Something closely misses your +0 dagger.
The orc priest misses you.
You hit the orc priest but do no damage.
The orc priest is lightly wounded.
Your +0 dagger hits the orc wizard! x2
The orc wizard dies!
Something barely misses your +0 dagger.
The orc priest hits you but does no damage.
You barely miss the orc priest.
The orc priest is lightly wounded.
Your +0 dagger hits the orc!
The orc dies!
Something hits your +0 dagger but does no damage.
The orc priest calls down the wrath of Beogh upon you.
Beogh smites you!
You die... "Huh?
Did I miss anything?"

.......+[.))..>..+
#.##...####......#
#. ##### ####.###
#. ##.# ######.
#####..# #......
#.....## #.)....
##.#####
#......######..#
#......#oo@...##
#..)###### #.(##
#..# #..†# #..#o
#.. o# #.. .# #..
.#


You could see 2 orc priests and a friendly +0 dagger.

Vanquished Creatures
  An orc priest (D:5)
  A sleepcap (D:5)
  A hound (D:3)
  2 orc wizards (D:5)
  Robin (D:2)
  An adder (D:2)
  2 dart slugs
  A ribbon worm (D:2)
  An orc (D:5)
  3 bats
  8 endoplasms
  16 goblins
  3 hobgoblins
  A quokka (D:5)
  5 ball pythons (D:1)
  2 frilled lizards (D:1)
  5 kobolds
  5 rats
59 creatures vanquished.

Vanquished Creatures (collateral kills)
  An orc priest (D:5)
  2 orc wizards (D:5)
  2 orcs (D:5)
5 creatures vanquished.

Vanquished Creatures (others)
  3 goblins (D:3)
3 creatures vanquished.

Grand Total: 67 creatures vanquished

Notes
Turn   | Place    | Note
-------+----------+-------------------------------------------
     0 | D:1      | Xavori the Djinni Chaos Knight began the quest for the Orb.
     0 | D:1      | Reached XP level 1. HP: 20/20 MP: 0/0
   166 | D:1      | Reached XP level 2. HP: 25/25 MP: 0/0
   357 | D:1      | Reached XP level 3. HP: 28/30 MP: 0/0
   357 | D:1      | Learned a level 1 spell: Shock
   401 | D:1      | Reached skill level 1 in Spellcasting
   401 | D:1      | Reached skill level 1 in Conjurations
   401 | D:1      | Reached skill level 1 in Hexes
   401 | D:1      | Reached skill level 1 in Summonings
   401 | D:1      | Reached skill level 1 in Necromancy
   401 | D:1      | Reached skill level 1 in Translocations
   401 | D:1      | Reached skill level 1 in Fire Magic
   401 | D:1      | Reached skill level 1 in Ice Magic
   401 | D:1      | Reached skill level 1 in Air Magic
   401 | D:1      | Reached skill level 1 in Earth Magic
   401 | D:1      | Reached skill level 1 in Alchemy
   401 | D:1      | Found Cumm's Antique Armour Emporium.
  1745 | D:1      | XOM: cloud trail
  2360 | D:1      | XOM: give mutations
  2360 | D:1      | Gained mutation: You have hidden genetic potential. [Xom's
                  | grace]
  2360 | D:1      | Gained mutation: You are covered in fur. (AC +1) [Xom's
                  | grace]
  2445 | D:1      | XOM: god gift: dire flail {god gift}
  2842 | D:1      | XOM: cloud trail
  5516 | D:1      | XOM: silly message
  5568 | D:1      | XOM: give mutation
  5568 | D:1      | Gained mutation: You are partially covered in iridescent
                  | scales. (AC +2) [Xom's grace]
  5616 | D:1      | XOM: scenery: create altars
  5817 | D:1      | XOM: cloud trail
  5822 | D:1      | XOM is BORED!
  6041 | D:1      | XOM: scenery: create altars
  6311 | D:2      | Reached XP level 4. HP: 34/35 MP: 0/0
  6538 | D:2      | Gained mutation: You passively dampen the noise of your
                  | surroundings. [hidden potential]
  6798 | D:3      | Noticed Robin
  6812 | D:2      | XOM: smoke on damage
  6834 | D:2      | Killed Robin
  6835 | D:2      | Reached XP level 5. HP: 17/40 MP: 0/0
  6835 | D:2      | Learned a level 2 spell: Searing Ray
  6930 | D:3      | XOM: destruction
  6939 | D:3      | Gained mutation: Your flesh is almost immune to the effects
                  | of heat. (rF+++) [hidden potential]
  6939 | D:3      | Lost mutation: You have hidden genetic potential. [hidden
                  | potential expressed]
  7019 | D:3      | You are sucked into a shaft and drop 2 floors!
  7019 | D:5      | Entered Level 5 of the Dungeon
  7081 | D:5      | XOM: summons 5 friendly demons
  7089 | D:5      | Reached XP level 6. HP: 36/47 MP: 0/0
  7203 | D:5      | Killed from afar by an orc priest

Illustrated notes

Levels and vault maps discovered:
D:1:      orjb1_clovarrival, layout_loops_corners, serial_shops,
          nicolae_shop_dealshenge, hangedman_abyss_or_decor_lesser_grid,
          nicolae_twisty_statue_hallways
D:2:      layout_rooms, minmay_tree_intersection
D:3:      layout_rooms, uniq_terence, uniq_robin
D:5:      layout_basic

Skill      XL: |  1  2  3  4  5 |
---------------+----------------+-----
Spellcasting   | 1 2 |  2.6
Conjurations   | 1 2 |  2.6
Hexes          | 1 2 |  2.6
Summonings     | 1 2 |  2.6
Necromancy     | 1 2 |  2.6
Translocations | 1 2 |  2.6
Fire Magic     | 1 2 |  2.6
Ice Magic      | 1 2 |  2.6
Air Magic      | 1 2 |  2.6
Earth Magic    | 1 2 |  2.6
Alchemy        | 1 2 |  2.6
Long Blades    | 3 |  3.5
Armour         | 2 |  2.5
Dodging        | 3 |  3.4
Fighting       | |  3.9

Action                     |  1- 3 |  4- 6 || total
---------------------------+-------+-------++-------
  Melee: Falchion          |    74 |   120 ||   194
   Stab: Confused          |     2 |       ||     2
         Sleeping          |     2 |       ||     2
         Petrifying        |       |     3 ||     3
         Petrified         |       |     1 ||     1
 Armour: Leather armour    |    57 |    91 ||   148
  Dodge: Dodged            |    46 |    77 ||   123

Table legend: (Time is in decaauts)
 A = Elapsed time spent in this place.
 B = Non-inter-level travel time spent in this place.
 C = Inter-level travel time spent in this place.
 D = Time resting spent in this place.
 E = Time spent auto-exploring this place.
 F = Levels seen in this place.
 G = Mean time per level.
                   A        B        C        D        E       F      G
               +--------+--------+--------+--------+--------+-----+--------+
         Total |   7234 |   7197 |     37 |   5536 |   1230 |   4 | 1808.5 |
       Dungeon |   7234 |   7197 |     37 |   5536 |   1230 |   4 | 1808.5 |
               +--------+--------+--------+--------+--------+-----+--------+

Top non-repeatable levels by time:
     D:1: 6270 daAuts
     D:2: 660 daAuts
     D:5: 189 daAuts
     D:3: 114 daAuts
